 Dungeon Crawl Stone Soup version 0.22.1-1-ga44c0e56f4 (webtiles) character file.

93 Revguard the Chiller (level 4, -6/35 HPs)
             Began as a Draconian Ice Elementalist on Oct 27, 2018.
             Killed from afar by an orc wizard (9 damage)
             ... with a puff of flame
             ... on level 3 of the Dungeon on Oct 28, 2018.
             The game lasted 00:10:21 (2246 turns).

Revguard the Chiller (Draconian Ice Elementalist)   Turns: 2246, Time: 00:10:21

Health: -6/35      AC:  5    Str: 10    XL:     4   Next: 37%
Magic:  0/8        EV: 12    Int: 16    God:
Gold:   160        SH:  0    Dex: 12    Spells: 2/8 levels left

rFire    . . .     SeeInvis .   c - +0 club
rCold    . . .     Gourm    .   (no shield)
rNeg     . . .     Faith    .   (armour unavailable)
rPois    .         Spirit   .   (helmet restricted)
rElec    .         Reflect  .   (no cloak)
rCorr    .         Harm     .   (no gloves)
MR       .....                  (no boots)
Stlth    ++........             (no amulet)
HPRegen  0.11/turn              j - +2 ring of slaying
MPRegen  0.11/turn              (no ring)

@: no status effects
A: unfitting armour, cold-blooded, AC +5
a: no special abilities


You were on level 3 of the Dungeon.
You were not hungry.

You visited 1 branch of the dungeon, and saw 3 of its levels.

You collected 160 gold pieces.

Inventory:

Hand Weapons
 c - a +0 club (weapon)
Jewellery
 j - a +2 ring of slaying (left hand)
Scrolls
 a - 5 scrolls of identify {unknown}
 f - 2 scrolls of amnesia {unknown}
 k - 2 scrolls of teleportation {unknown}
 m - a scroll of noise {unknown}
Potions
 d - a potion of lignification {unknown}
 e - a potion of agility {unknown}
 g - a potion of heal wounds {unknown}
 h - a potion of berserk rage {unknown}
 i - 6 potions of curing {unknown}
 l - a potion of resistance {unknown}
 n - 2 potions of brilliance {unknown}
 o - 3 potions of degeneration {unknown}
Comestibles
 b - 4 rations


   Skills:
 - Level 1.1 Fighting
 - Level 0.1 Maces & Flails
 + Level 2.3 Dodging
 - Level 1.9 Stealth
 + Level 2.8 Spellcasting
 + Level 1.2 Conjurations
 * Level 1.1 Charms
 + Level 3.5 Ice Magic


You had 2 spell levels left.
You knew the following spells:

 Your Spells              Type           Power        Failure   Level  Hunger
a - Freeze                Ice            ##..         4%          1    #......
b - Throw Frost           Conj/Ice       #.....       11%         2    ##.....
c - Ozocubu's Armour      Chrm/Ice       #.......     22%         3    ###....

Your spell library contained the following spells:

 Spells                   Type           Power        Failure   Level  Hunger
 Throw Icicle             Conj/Ice       #.......     56%         4    #####..
 Summon Ice Beast         Ice/Summ       #.......     67%         4    #####..


Dungeon Overview and Level Annotations

Branches:
Dungeon (3/15)

Altars:
Uskayaw


Innate Abilities, Weirdness & Mutations

Your plain brown scales are hard. (AC +5)
You cannot fit into any form of body armour.
You are cold-blooded and may be slowed by cold attacks.


Message History

You closely miss something.
You hear some strange, mumbled words.
A magic dart appears from out of thin air!
The magic dart hits you! The rat bites you but does no damage.
Something hits you but does no damage.
Casting: Freeze (safe; 4% risk of failure)
Confirm with . or Enter, or press ? or * to list all spells.
Aiming: Freeze (safe; 4% risk of failure)
Press: ? - help, Shift-Dir - straight line You freeze something.
The giant cockroach waves its antennae.
Something hits you.
* * * LOW HITPOINT WARNING * * *
The rat bites you.
* * * LOW HITPOINT WARNING * * *
You hit something but do no damage.
You hear some strange, mumbled words.
A puff of flame appears from out of thin air!
The puff of flame hits you!
You die...

......##.{...S....?.#
#oo............#
#o..##...rsl....#
#o..$####..Kg#...###
..>##.?.>.###.##.#...
o. # ###...#o.S...##
o ###!.......[.
########o.......
#.@.ogs.........
......r###w.#########
###........##
#.....#### #....
#####


You could see an orc priest, a dart slug, an orc, a giant cockroach, a goblin
and a rat.

Vanquished Creatures
  2 adders (D:2)
  An ooze (D:2)
  5 dart slugs
  3 leopard geckos
  2 orcs (D:3)
  7 bats
  4 giant cockroaches
  11 goblins
  3 hobgoblins (D:1)
  3 jackals (D:1)
  A quokka (D:2)
  2 ball pythons
  2 frilled lizards (D:2)
  4 kobolds
  5 rats
55 creatures vanquished.

Notes
Turn   | Place    | Note
-------+----------+-------------------------------------------
     0 | D:1      | Revguard the Draconian Ice Elementalist began the quest for
                  | the Orb.
     0 | D:1      | Reached XP level 1. HP: 14/14 MP: 3/3
   293 | D:1      | Reached XP level 2. HP: 22/22 MP: 0/5
   297 | D:1      | Learned a level 2 spell: Throw Frost
   419 | D:1      | Reached skill level 1 in Fighting
   730 | D:1      | Reached XP level 3. HP: 27/28 MP: 1/6
   745 | D:1      | Learned a level 3 spell: Ozocubu's Armour
  1097 | D:2      | Found a hide-covered altar of Uskayaw.
  1578 | D:2      | Reached XP level 4. HP: 10/35 MP: 1/8
  1834 | D:2      | Reached skill level 1 in Charms
  2246 | D:3      | Killed from afar by an orc wizard

Skill      XL: |  1  2  3  4 |
---------------+-------------+-----
Fighting       | 1 |  1.1
Dodging        | 2 |  2.3
Charms         | 1 |  1.1
Maces & Flails | |  0.1
Stealth        | |  1.9
Spellcasting   | |  2.8
Conjurations   | |  1.2
Ice Magic      | |  3.5

Action                   |  1- 3 |  4- 6 || total
-------------------------+-------+-------++-------
Melee: Unarmed           |    35 |       ||    35
       Tailslap          |    11 |     4 ||    15
       Club              |    96 |    17 ||   113
 Cast: Freeze            |    21 |    10 ||    31
       Throw Frost       |    15 |     8 ||    23
       Ozocubu's Armour  |     1 |       ||     1
 Stab: Sleeping          |       |     1 ||     1
  Eat: Chunk             |     3 |       ||     3
       Ration            |       |     1 ||     1
Armor: Skin              |    79 |    19 ||    98
Dodge: Dodged            |   124 |    32 ||   156
